 Dungeon Crawl Stone Soup version bcrawl-1.12-10-g10a67aac0f (webtiles) character file.

Game seed: 17965310266186282840

291385 MisterOstroum the Peltast (level 21, -4/168 HPs)
             Began as a Formicid Archaeologist on June 14, 2019.
             Was a High Priest of Nemelex Xobeh.
             Slain by a vault guard
             ... wielding a +4 great mace of protection
              (27 damage)
             ... on level 3 of the Vaults on June 15, 2019.
             The game lasted 04:01:06 (39569 turns).

MisterOstroum the Peltast (Formicid Archaeologist) Turns: 39569, Time: 04:01:07

Health: -4/168     AC: 41    Str: 25    XL:     21   Next: 17%
Magic:  29/32      EV: 13    Int: 27    God:    Nemelex Xobeh [*****.]
Gold:   850        SH: 35    Dex: 14    Spells: 20/20 levels left

rFire    . . .     SeeInvis +   a - +9 demon trident (flame)
rCold    + . .     Gourm    .   A - +10 large shield of Ignorance {rN+ Int-4}
rNeg     + + .     Faith    .   c - +15 Maxwell's patent armour {-Cast -Tele rElec MR+ rCorr}
rPois    +         Spirit   .   (helmet unavailable)
rElec    +         Reflect  +   V - +3 cloak of Zideh {Int+4 Dex+3}
rCorr    +         Harm     .   t - +0 pair of gloves "Jeizap" {rN+ rCorr Int+3}
MR       ++...     NoCast   +   o - +2 pair of boots {Fly}
Stlth    ..........             Z - +4 amulet of reflection
HPRegen  0.38/turn              I - ring of protection from magic
MPRegen  0.23/turn              Y - ring of the Final Decision {rC+ Int+5 Dex+2 Stlth+}

@: vulnerable, very slightly contaminated, invisible
A: permanent stasis, dig shafts and tunnels, four strong arms, antennae 3,
blurry vision 1, clever 1, poison resistance, strong 1
}: 3/15 runes: decaying, silver, gossamer
a: Dig, Shaft Self, Draw Escape, Draw Destruction, Draw Summoning, Triple Draw,
Deal Four, Stack Five, Renounce Religion, Evoke Flight


You were on level 3 of the Vaults.
You worshipped Nemelex Xobeh.
Nemelex Xobeh was extremely pleased with you.
You were not hungry.

You visited 8 branches of the dungeon, and saw 32 of its levels.
You visited the Abyss 1 time.
You visited 1 bazaar.
You also visited: Bailey, Gauntlet, Ice Cave and Volcano.

You collected 5467 gold pieces.
You spent 4617 gold pieces at shops.

Inventory:

Hand Weapons
 a - a +9 demon trident of flaming (weapon)
 b - the +9 staff of Olgreb {rPois}

   It protects you from poison.
Missiles
 h - 91 poisoned tomahawks
 i - 6224 stones
 C - 264 tomahawks (quivered)
 D - 267 javelins
 G - 305 steel javelins
Armour
 c - the +15 Maxwell's patent armour (worn) {-Cast -Tele rElec MR+ rCorr}
   (You bought it in a shop in a bazaar)

   It insulates you from electricity.
   It affects your resistance to hostile enchantments.
   It prevents spellcasting.
   It prevents most forms of teleportation.
   It provides partial protection from all sources of acid and corrosion.
 o - a +2 pair of boots of flying (worn)
 p - a +1 cloak
 t - the +0 pair of gloves "Jeizap" (worn) {rN+ rCorr Int+3}
   (You acquired it on level 6 of the Lair of Beasts)

   It affects your intelligence (+3).
   It protects you from negative energy.
   It provides partial protection from all sources of acid and corrosion.
 A - the +10 large shield of Ignorance (worn) {rN+ Int-4}
   (You bought it in a shop on level 5 of the Dungeon)

   It affects your intelligence (-4).
   It protects you from negative energy.
 V - the +3 cloak of Zideh (worn) {Int+4 Dex+3}
   (You bought it in a shop in the Orcish Mines)

   It affects your intelligence (+4).
   It affects your dexterity (+3).
Jewellery
 g - the amulet of the Meadowlark {RegenMP rN+ Str+2}
   (You found it on level 9 of the Dungeon)

   [amulet of magic regeneration]

   It increases your magic regeneration.
   It affects your strength (+2).
   It protects you from negative energy.
 y - an uncursed ring of protection from fire
 I - a ring of protection from magic (left hand)
 Y - the ring of the Final Decision (right hand) {rC+ Int+5 Dex+2 Stlth+}
   (You found it in a Gauntlet)

   [ring of stealth]

   It affects your intelligence (+5).
   It affects your dexterity (+2).
   It protects you from cold.
   It makes you more stealthy.
 Z - a +4 amulet of reflection (around neck)
Wands
 f - a wand of scattershot (3)
 j - a wand of acid (22)
 l - a wand of iceblast (8)
 s - a wand of flame (57)
 E - a wand of paralysis (32)
 F - a wand of digging (17)
 K - a wand of polymorph (8)
 M - a wand of disintegration (19)
 X - a wand of clouds (8)
Scrolls
 m - 19 scrolls of remove curse {@r2}
 n - 5 scrolls of fear {!r}
 v - 3 scrolls of summoning
 P - 3 scrolls of silence
 W - 6 scrolls of fog {!r}
Potions
 d - 2 potions of heal wounds {@q2 !q}
 q - 3 potions of mutation
 u - 13 potions of curing {@q1 !q}
 x - 8 potions of lignification {@q6}
 B - 8 potions of flight
 H - a potion of invisibility
 J - 5 potions of cancellation
 L - 2 potions of magic
 Q - 3 potions of resistance
 R - 3 potions of brilliance
 T - 5 potions of might {@q3 !q}
 U - 2 potions of agility
Miscellaneous
 k - a lamp of fire
 r - a phial of floods
 w - a lightning rod (4/4)
 z - 3 boxes of beasts
 S - 2 phantom mirrors
Comestibles
 e - 39 rations {!d}
 N - 4 chunks of flesh


   Skills:
 - Level 15.0 Fighting
 - Level 12.2(14.0) Polearms
 - Level 12.0(13.9) Staves
 - Level 10.0 Throwing
 + Level 14.9 Armour
 - Level 10.0 Dodging
 - Level 4.0 Stealth
 - Level 15.0 Shields
 - Level 15.0 Invocations
 - Level 13.0 Evocations


You had 20 spell levels left.
You didn't know any spells.
Your spell library contained the following spells:

 Spells                   Type           Power        Failure   Level  Hunger
 Animate Skeleton         Necr           N/A          65%         1    ##.....
 Apportation              Tloc           #.....       65%         1    ##.....
 Beastly Appendage        Tmut           #.....       65%         1    ##.....
 Blink Other              Tloc           #.....       65%         1    ##.....
 Flame Tongue             Conj/Fire      #....        65%         1    ##.....
 Infusion                 Chrm           #.......     65%         1    ##.....
 Magic Dart               Conj           #...         65%         1    ##.....
 Pain                     Necr           #...         65%         1    ##.....
 Sandblast                Erth           #.....       65%         1    ##.....
 Slow                     Hex            #.......     65%         1    ##.....
 Summon Butterflies       Summ           #.......     65%         1    ##.....
 Call Imp                 Summ           #.......     78%         2    ###....
 Sticks to Snakes         Tmut           #.......     78%         2    ###....
 Call Canine Familiar     Summ           #.......     95%         3    ####...
 Conjure Flame            Conj/Fire      #.......     95%         3    ####...
 Inner Flame              Hex/Fire       N/A          95%         3    ####...
 Mephitic Cloud           Conj/Pois/Air  #.......     95%         3    ####...
 Portal Projectile        Tloc           #.....       95%         3    ####...
 Regeneration             Chrm/Necr      #.........   95%         3    ####...
 Spider Form              Tmut/Pois      #.........   95%         3    ####...
 Teleport Other           Tloc           #.......     95%         3    ####...
 Vampiric Draining        Necr           #.........   95%         3    ####...
 Animate Dead             Necr           N/A          100%        4    #####..
 Cause Fear               Hex            #.........   100%        4    #####..
 Ice Form                 Ice/Tmut       #.......     100%        4    #####..
 Sticky Flame             Conj/Fire      #.......     100%        4    #####..
 Summon Ice Beast         Ice/Summ       #.......     100%        4    #####..
 Blade Hands              Tmut           #.........   100%        5    ######.
 Bolt of Draining         Conj/Necr      #.........   100%        5    ######.
 Fireball                 Conj/Fire      #.........   100%        5    ######.
 Passage of Golubria      Tloc           N/A          100%        5    ######.
 Silence                  Hex/Air        #.........   100%        5    ######.
 Summon Lightning Spire   Summ/Air       #.......     100%        5    ######.
 Summon Mana Viper        Hex/Summ       #.......     100%        5    ######.
 Bolt of Fire             Conj/Fire      #.........   100%        6    #######
 Conjure Ball Lightning   Conj/Air       #.........   100%        6    #######
 Deflect Missiles         Chrm/Air       #.........   100%        6    #######
 Dragon Form              Tmut           #.........   100%        7    #######
 Summon Hydra             Summ           #.........   100%        7    #######
 Dragon's Call            Summ           #.........   100%        9    #######
 Fire Storm               Conj/Fire      #.........   100%        9    #######
 Tornado                  Air            #.........   100%        9    #######
 Blink                    Tloc           Unusable     N/A         2    N/A

Dungeon Overview and Level Annotations

Branches:
Dungeon (12/12)            Temple (1/1) D:4            Lair (6/6) D:9
  Swamp (3/3) Lair:3       Spider (3/3) Lair:3        Slime (0/5) Lair:6
    Orc (1/1) D:8             Elf (3/3) Orc          Vaults (3/3) D:11
  Crypt (0/2) Vaults:2     Depths (0/5) D:12

Altars:
Ashenzari
Cheibriados
Dithmenos
Elyvilon
Fedhas
Gozag
Hepliaklqana
Kikubaaqudgha
Lugonu
Makhleb
Nemelex Xobeh
Okawaru
Qazlal
Ru
Sif Muna
Trog
Uskayaw
Vehumet
Wu Jian
Xom
Yredelemnul
Zin
The Shining One
Jiyva

Shops:
D:5 [   D:11 !**   Orc [:*?   Elf:2 *   Vaults:1 }

Portals:
Pandemonium: Orc

Annotations:
Elf:2 3 runed doors


Innate Abilities, Weirdness & Mutations

You cannot be hasted, slowed, berserked, paralysed or teleported.
You can dig through walls and to a lower floor.
Your four strong arms can wield two-handed weapons with a shield.
You have a pair of large antennae on your head. (SInv)
Scrolls take you a little longer to read.
Your mind is acute. (Int +2)
Your system is resistant to poisons. (rPois)
Your muscles are strong. (Str +2)


Message History

The frost giant suddenly seems more agile.
You hear two shouts!
You hear a shout! x7; You hear a deafening roar!
You hear a shout!
Items here: (( ))))) ? [[[[ †††† The phantasmal warrior blinks!
The vault sentinel blows a loud note on a signal horn!
You hear a shout! x3
You draw a card...
You have drawn the Tomb.
Walls emerge from the floor!
You block the vault guard's attack. x2; The phantasmal warrior hits you!
Your magical defenses are stripped away!
You puncture the phantasmal warrior! You burn the phantasmal warrior.
The phantasmal warrior is moderately damaged.
You block the vault guard's attack.
An ironbrand convoker comes into view. It is wielding a +0 flail.
You puncture the phantasmal warrior! You burn the phantasmal warrior.
The phantasmal warrior is severely damaged.
You block the phantasmal warrior's attack.
The vault sentinel blows a loud note on a signal horn!
You block the vault guard's attack.
You hear a shout! x2
You closely miss the phantasmal warrior.
The phantasmal warrior is severely damaged.
The ironbrand convoker points at the phantasmal warrior and mumbles some strange words.
The phantasmal warrior seems to grow stronger.
You block the vault guard's attack.
You block the phantasmal warrior's attack.
You hear a shout!
You puncture the phantasmal warrior! You burn the phantasmal warrior!
You destroy the phantasmal warrior!
You block the vault guard's attack.
The walls disappear prematurely!
You block the vault guard's attack.
The ironbrand convoker casts a spell at the vault guard.
The vault guard seems to grow stronger.
The vault guard roars a battlecry!
The vault guard goes into a battle-frenzy!
A vault warden comes into view. It is wielding a +3 glaive of venom.
The ironbrand convoker hits you with a +0 flail!!
The vault warden closely misses you.
Okay, then.
You fade into invisibility!
You block the ironbrand convoker's attack.
You block the vault guard's attack.
The vault sentinel blows a loud note on a signal horn!
The vault guard hits you with a +4 great mace of protection!!
You hear a shout! x2
You are very lightly contaminated with residual magic.
Okay, then.
You deal a card...
You have dealt the Cloud.
Clouds appear around you!
You deal a card...
You have dealt Velocity.
The vault guard seems to slow down.
The vault warden seems to slow down.
The freezing wraith seems to slow down.
You deal a card...
You have dealt the Tomb.
Nothing appears to happen.
You deal a card...
You have dealt the Cloud.
Nothing appears to happen.
You block the vault guard's attack.
You block the ironbrand convoker's attack.
The vault warden hits you with a +3 glaive of venom!!
The vault guard hits you with a +2 war axe!!
* * * LOW HITPOINT WARNING * * *
Really quaff
d - 3 potions of heal wounds {@q2 !q}?
You feel much better.
You block the ironbrand convoker's attack.
You block the vault guard's attack.
The vault sentinel is engulfed in noxious fumes.
The vault sentinel appears confused.
The vault sentinel gestures wildly.
The vault guard hits you but does no damage.
The vault guard hits you with a +2 war axe.
You puncture the vault warden! You burn the vault warden.
The vault warden is lightly wounded.
You block the vault warden's attack.
The vault sentinel is engulfed in noxious fumes.
The vault sentinel looks very confused.
Your Maxwell's patent armour prevents you from hitting the vault warden.
The vault warden is lightly wounded.
You block the ironbrand convoker's attack.
The vault guard is engulfed in noxious fumes.
You block the vault guard's attack.
The vault guard hits you with a +2 war axe!
You puncture the vault warden! You burn the vault warden.
The vault warden is moderately wounded.
The frost giant is engulfed in noxious fumes.
The vault guard roars a battlecry!
The vault guard goes into a battle-frenzy!
The vault sentinel barely misses the vault guard.
You puncture the vault warden! You burn the vault warden.
The vault warden is heavily wounded.
You block the ironbrand convoker's attack.
The vault guard is engulfed in noxious fumes.
You block the vault warden's attack. You block the vault guard's attack.
The vault guard hits you with a +2 war axe!!
* * * LOW HITPOINT WARNING * * *
The frost giant is engulfed in noxious fumes.
The frost giant appears confused.
The frost giant hits the vault guard with a +2 battleaxe of freezing!!!
The frost giant freezes the vault guard.
The frost giant hits itself but does no damage.
You hit the vault warden. You burn the vault warden.
The vault warden is heavily wounded.
The vault guard hits you with a +4 great mace of protection!!
You die...
Your body glows with a rainbow of weird colours and disappears.

....,,,,,,,,,,,,,,,,,,,,,,,,,,,,,
....,,,,,,,,,,,,,,,,,,,,,,,,,,,,,
############**##***,,,,,,,,******
.## #......#* #.,,,,,,,,,,*,** **
..###....#..###.,,,**,,,,*,,,***,
...##...##...##.,{***,,,,**,,,*,*
...)#..#*#....#○.** *,,,,**,,,,**
...)).####....°p#####{,,,**,,,,**
####).....#**#°p@pW.#{{,,***,,***
*##))#....###.○#ppp°#,,,,*******,
##...##)..##...##C.p#,,,,**,,**,*
#[...###..#....###°°#{,,,*,,,,,**
.....####......####)#,,,,*,,,,**
)................p.)#,,,,**,,** *
)####......####.[W..#{,,,****,***
..**#....#..###....##,,,,* **,*,
...*#..}##..)##...##*,,,,* **,,


You could see a frost giant (confused), a vault warden, 4 vault guards, a vault
sentinel (confused), an ironbrand convoker and a freezing wraith.

Vanquished Creatures
  A golden dragon (Vaults:3)
  Arachne (Spider:2)
  Rupert (Lair:4)
  A thorn hunter (Swamp:1)
  Kirke (Spider:2)
  A tengu reaver (Vaults:3)
  4 frost giants
  A fire giant (Vaults:3)
  2 ghost moths (Spider:3)
  3 vault wardens (Vaults:1)
  3 emperor scorpions (Spider:3)
  Aizul (Vaults:2)
  A stone giant (Vaults:3)
  6 entropy weavers
  3 ironheart preservers
  3 very ugly things (Vaults:3)
  A deep elf annihilator (Vaults:1)
  A minotaur (Gauntlet)
  Snorg (Lair:4)
  2 deep elf death magi
  A death ooze (Gauntlet)
  3 fire dragons
  2 ettins (Vaults:3)
  4 ogre magi (Vaults:1)
  A yaktaur captain (Vaults:1)
  3 ice dragons
  11 vault guards (Vaults:3)
  7 hydras
  A rakshasa (D:12)
  12 two-headed ogres
  5 centaur warriors
  18 dancing weapons
  8 alligators
  A death knight (D:9)
  A queen ant (Lair:6)
  4 death yaks
  3 orc high priests (Orc)
  10 deep elf knights
  Nergalle (Lair:4)
  A sun demon (Orc)
  A death drake (Vaults:1)
  6 skeletal warriors (Vaults:2)
  An unseen horror (Abyss:1)
  A shadow wraith (Vaults:3)
  A sixfirhy (Orc)
  A spriggan druid (Swamp:3)
  A deep troll (Vaults:3)
  7 wizards
  An unseen horror (shapeshifter) (D:10)
  2 glowing orange brains
  2 torturous demonspawn (Orc)
  3 swamp dragons
  An infernal demonspawn (Orc)
  3 cyclopes
  A harpy (shapeshifter) (D:12)
  5 deep elf archers
  4 orc knights
  3 phantasmal warriors
  5 harpies (D:11)
  7 ironbrand convokers
  A wolf spider zombie (D:11)
  14 ugly things
  11 wolf spiders
  3 manticores
  6 orc sorcerers (Orc)
  36 deep elf magi
  A sphinx skeleton (Vaults:2)
  12 orb spiders
  2 moths of wrath (Spider:3)
  A salamander (shapeshifter) (Vaults:2)
  A stone giant skeleton (Vaults:2)
  A black mamba (Lair:1)
  An orange demon (Orc)
  15 cane toads
  3 ice statues (IceCv)
  Maurice (D:9)
  A frost giant skeleton (Vaults:2)
  A smoke demon (Orc)
  5 toenail golems (Volcano)
  Joseph (D:7)
  An elephant (Vaults:1)
  5 centaur skeletons
  3 centaur zombies
  9 vault sentinels
  A gargoyle (D:8)
  4 torpor snails
  8 human skeletons (Vaults:2)
  A minotaur zombie (Gauntlet)
  2 large abominations (Gauntlet)
  4 komodo dragons
  2 rime drakes
  12 demonic crawlers
  6 freezing wraiths
  An ice devil (D:11)
  A queen bee (shapeshifter) (Vaults:2)
  6 yaktaurs
  A tengu conjurer (D:12)
  3 trolls
  25 jumping spiders
  3 meliai (D:6)
  12 tyrant leeches
  7 polar bears
  A merfolk (Vaults:1)
  14 hornets
  23 slime creatures
  A tyrant leech (shapeshifter) (D:12)
  16 dream sheep
  4 bog bodies
  A hippogriff (shapeshifter) (Elf:2)
  11 blink frogs
  A meliai zombie (D:9)
  5 hippogriffs
  3 air elementals
  A vampire (D:5)
  23 spriggans
  19 tarantellas
  A ynoxinul (Orc)
  52 redbacks
  A shadow (Swamp:1)
  4 centaur simulacra (D:11)
  3 basilisks
  2 wraiths
  38 yaks
  2 hogs (Spider:2)
  2 wyverns
  A steam dragon (Lair:2)
  Eustachio (D:6)
  A fire elemental (Elf:2)
  4 vampire mosquitoes
  3 swamp worm simulacra (Swamp:3)
  9 swamp worms
  8 insubstantial wisps
  A warg (Orc)
  An acid dragon (D:12)
  22 soldier ants (Lair:6)
  13 hydra simulacra (Swamp:3)
  14 water moccasins
  A porcupine (Lair:1)
  5 black bears
  An eye of draining (D:12)
  18 orc warriors
  2 swamp drakes
  5 sky beasts
  17 ice beasts
  3 phantoms
  A necrophage (D:8)
  A hornet zombie (D:5)
  16 ogres
  6 boggarts
  17 wolves (Lair:6)
  11 centaurs
  14 crocodiles
  A big kobold (D:8)
  12 bullfrogs
  2 small abominations (Gauntlet)
  5 earth elementals
  3 scorpions
  A hornet simulacrum (D:11)
  4 wights (D:9)
  7 killer bees
  A howler monkey (D:7)
  2 electric eels
  5 crimson imps
  A bullfrog zombie (D:6)
  A human simulacrum (Vaults:1)
  21 orc priests
  7 hounds
  4 jellies
  A gnoll shaman (D:4)
  11 orc wizards
  A bullfrog skeleton (D:9)
  6 iguanas
  Natasha (thrice) (D:3)
  36 worker ants
  A killer bee zombie (D:4)
  2 hound skeletons
  12 adders
  5 gnolls (D:4)
  A river rat (Orc)
  3 shadow imps
  4 swamp drake simulacra (Swamp:3)
  6 oozes
  An adder zombie (D:5)
  9 worms
  An adder skeleton (D:4)
  2 dart slugs (D:3)
  6 leopard geckos
  63 orcs
  2 ball pythons
  4 bats
  4 giant cockroaches
  7 goblins
  9 hobgoblins
  4 jackals
  6 quokkas
  4 frilled lizards
  A jackal skeleton (D:7)
  19 kobolds
  A quokka skeleton (D:4)
  8 rats
  A fungus (Lair:5)
  A plant (Elf:2)
1171 creatures vanquished.

Vanquished Creatures (collateral kills)
  A tengu reaver (Vaults:3)
  A ghost moth (Spider:3)
  An emperor scorpion (Spider:3)
  2 very ugly things (Vaults:3)
  An ironheart preserver (Vaults:1)
  The ghost of SkaryMonk the Covert, a journeyman DWAc of Ashenzari (D:11)
  2 vault guards (Vaults:3)
  A great orb of eyes (Gauntlet)
  A hydra (Lair:5)
  An ice dragon (Swamp:3)
  2 dancing weapons
  2 two-headed ogres (Vaults:1)
  The ghost of kuilvaprogi the Spear-Bearer, a novice HuFi of Hepliaklqana (D:5)
  4 wolf spiders
  6 deep elf magi
  2 orc sorcerers (Orc)
  An orb spider (Spider:3)
  An oklob plant (Lair:5)
  5 ugly things
  A guardian serpent (shapeshifter) (Vaults:3)
  A cane toad (Swamp:2)
  A yaktaur (Vaults:1)
  2 ice devils (D:11)
  3 jumping spiders
  The ghost of Banto the Cudgeler, an amateur SDGl (D:4)
  3 hornets (Spider:3)
  A slime creature (D:12)
  2 tarantellas (Spider:3)
  A centaur simulacrum (D:11)
  5 redbacks
  2 swamp worms (Swamp:2)
  A water moccasin (Lair:5)
  A porcupine (Lair:3)
  2 hydra simulacra (Swamp:3)
  A meliai simulacrum (D:11)
  An ogre (Vaults:1)
  A centaur (Vaults:3)
  A scorpion (Lair:3)
  An electric eel (Lair:3)
  A worker ant (Lair:3)
69 creatures vanquished.

Vanquished Creatures (others)
  A ghost moth (Lair:5)
  A vault guard (Vaults:3)
  2 yaktaur captains (Vaults:3)
  3 centaur warriors
  An unseen horror (Vaults:1)
  A deep elf archer (Vaults:1)
  A deep elf mage (Elf:1)
  An oklob plant (Lair:5)
  A wolf spider (Spider:3)
  A vault sentinel (Vaults:3)
  A vampire (D:11)
  A redback (Spider:2)
  A hog (Spider:2)
  2 humans (Spider:2)
  A small abomination (Gauntlet)
  2 swamp worms (Swamp:3)
  5 centaurs
  A ball lightning (Spider:2)
  7 fungi
  8 plants
42 creatures vanquished.

Grand Total: 1282 creatures vanquished

Notes
Turn   | Place    | Note
-------+----------+-------------------------------------------
     0 | D:1      | MisterOstroum the Formicid Archaeologist began the quest
                  | for the Orb.
     0 | D:1      | Reached XP level 1. HP: 15/15 MP: 1/1
   343 | D:1      | Reached XP level 2. HP: 22/22 MP: 2/2
   597 | D:1      | Reached XP level 3. HP: 22/29 MP: 3/3
   913 | D:2      | Reached skill level 1 in Evocations
  2333 | D:2      | Reached XP level 4. HP: 28/35 MP: 3/6
  2984 | D:3      | Noticed Natasha
  3009 | D:3      | Killed Natasha
  3027 | D:3      | Noticed Natasha
  3076 | D:3      | Gained mutation: Your system is resistant to poisons.
                  | (rPois) [potion of mutation]
  3076 | D:3      | Gained mutation: Your muscles are strong. (Str +2) [potion
                  | of mutation]
  3076 | D:3      | Gained mutation: Scrolls take you a little longer to read.
                  | [potion of mutation]
  3076 | D:3      | Gained mutation: Your mind is acute. (Int +2) [potion of
                  | mutation]
  3096 | D:3      | Killed Natasha
  3096 | D:3      | Reached skill level 5 in Evocations
  3096 | D:3      | Reached XP level 5. HP: 35/41 MP: 6/9
  3492 | D:3      | Noticed Natasha
  3509 | D:3      | Killed Natasha
  3772 | D:3      | Reached XP level 6. HP: 35/47 MP: 9/11
  4300 | D:4      | Found a staircase to the Ecumenical Temple.
  4379 | Temple   | Entered the Ecumenical Temple
  4569 | Temple   | Became a worshipper of Nemelex Xobeh the Trickster
  4681 | D:4      | Reached skill level 1 in Staves
  4729 | D:4      | Received a gift from Nemelex Xobeh
  4839 | D:4      | Reached XP level 7. HP: 53/53 MP: 7/12
  4966 | D:4      | Found a large runed translucent door.
  4970 | D:4      | Found a large runed translucent door.
  4970 | D:4      | Noticed Banto's ghost (amateur SDGl)
  5653 | D:5      | Entered Level 5 of the Dungeon
  5685 | D:5      | Reached skill level 5 in Fighting
  5744 | D:5      | Found an ancient bone altar of Kikubaaqudgha.
  5782 | D:5      | Reached XP level 8. HP: 39/62 MP: 9/13
  6017 | D:5      | Reached skill level 1 in Invocations
  6228 | D:5      | Reached skill level 5 in Staves
  6277 | D:5      | Received a gift from Nemelex Xobeh
  6465 | D:5      | Found a large runed translucent door.
  6467 | D:5      | Found a large runed translucent door.
  6469 | D:5      | Noticed kuilvaprogi's ghost (novice HuFi)
  6480 | D:5      | Reached * piety under Nemelex Xobeh
  6565 | D:5      | Found Wammun's Armour Emporium.
  6579 | D:5      | Got a silken robe
  6602 | D:5      | Identified the +1 robe of Lilacs {rElec rPois Str+2} (You
                  | found it on level 5 of the Dungeon)
  6650 | D:5      | Reached XP level 9. HP: 66/72 MP: 4/14
  6964 | D:5      | Killed kuilvaprogi's ghost
  7277 | D:4      | Killed Banto's ghost
  7381 | D:5      | HP: 3/74 [vampire/vampiric draining (13)]
  7742 | D:6      | Received a gift from Nemelex Xobeh
  7761 | D:6      | Noticed a meliai
  7763 | D:6      | Noticed a meliai
  7774 | D:6      | Killed a meliai
  7798 | D:6      | Noticed a meliai
  7917 | D:6      | Noticed a hippogriff
  7925 | D:6      | Killed a hippogriff
  7925 | D:6      | Reached XP level 10. HP: 40/82 MP: 11/16
  8254 | D:6      | Found a shadowy altar of Dithmenos.
  8561 | D:6      | Found a glowing silver altar of Zin.
  8664 | D:6      | Reached skill level 10 in Evocations
  8980 | D:6      | Noticed Eustachio
  8992 | D:6      | Reached skill level 10 in Fighting
  9000 | D:6      | Killed Eustachio
  9000 | D:6      | Reached skill level 1 in Armour
  9410 | D:7      | Found a flagged portal.
  9419 | Bailey   | Entered a bailey
  9490 | Bailey   | Noticed an orc knight
  9502 | Bailey   | Killed an orc knight
  9619 | Bailey   | Noticed an orc knight
  9638 | Bailey   | Killed an orc knight
  9638 | Bailey   | Reached XP level 11. HP: 90/90 MP: 4/18
  9784 | Bailey   | Found a burning altar of Makhleb.
  9872 | D:7      | Found a glowing golden altar of the Shining One.
  9935 | D:5      | Bought the +10 large shield of Ignorance {rN+ Int-4} for
                  | 802 gold pieces
  9935 | D:5      | Found the +10 large shield of Ignorance {rN+ Int-4}
  9969 | D:7      | Reached skill level 1 in Shields
 10098 | D:7      | Reached ** piety under Nemelex Xobeh
 10177 | D:7      | Noticed Joseph
 10179 | D:7      | You fall through a shaft!
 10438 | D:7      | Killed Joseph
 10438 | D:7      | Reached skill level 5 in Invocations
 11242 | D:8      | Found a staircase to the Orcish Mines.
 11379 | D:8      | Found a blossoming altar of Fedhas.
 11557 | D:8      | Reached skill level 5 in Armour
 11963 | D:9      | Noticed Maurice
 11994 | D:9      | Killed Maurice
 11994 | D:9      | Reached skill level 10 in Staves
 12114 | D:9      | Noticed a two-headed ogre
 12116 | D:9      | Cast into level 1 of the Abyss (drawing a card)
 12141 | Abyss:1  | Reached *** piety under Nemelex Xobeh
 12143 | Abyss:1  | Got an encrusted shield
 12146 | Abyss:1  | Noticed an unseen horror
 12157 | Abyss:1  | Killed an unseen horror
 12165 | D:9      | Escaped the Abyss
 12183 | D:9      | Killed a two-headed ogre
 12183 | D:9      | Reached skill level 5 in Shields
 12306 | D:9      | Noticed a death knight
 12308 | D:9      | Received a gift from Nemelex Xobeh
 12336 | D:9      | Killed a death knight
 12336 | D:9      | Reached XP level 12. HP: 29/97 MP: 1/19
 12638 | D:9      | Noticed a death yak
 12638 | D:9      | Noticed a death yak
 12658 | D:9      | Noticed a death yak
 12662 | D:9      | Killed a death yak
 12665 | D:9      | Killed a death yak
 12681 | D:9      | Killed a death yak
 12871 | D:9      | Found a staircase to the Lair.
 13028 | D:9      | Received a gift from Nemelex Xobeh
 13175 | D:9      | Got a pitted garnet amulet
 13325 | D:10     | Entered Level 10 of the Dungeon
 13351 | D:10     | Noticed an unseen horror
 13353 | D:10     | Killed an unseen horror
 13930 | D:10     | Received a gift from Nemelex Xobeh
 13933 | D:10     | Identified the amulet of the Meadowlark {RegenMP rN+ Str+2}
                  | (You found it on level 9 of the Dungeon)
 13940 | D:10     | Noticed a centaur warrior
 13953 | D:10     | Killed a centaur warrior
 14122 | D:11     | Found Heacsurph's General Store.
 14130 | D:11     | Bought a scroll of identify for 28 gold pieces
 14130 | D:11     | Bought a potion of heal wounds for 70 gold pieces
 14130 | D:11     | Bought a potion of curing for 42 gold pieces
 14215 | D:11     | Reached **** piety under Nemelex Xobeh
 14355 | D:11     | Received a gift from Nemelex Xobeh
 14356 | D:11     | Noticed a two-headed ogre
 14356 | D:11     | Noticed a wizard
 14358 | D:11     | Killed a wizard
 14362 | D:11     | Killed a two-headed ogre
 14362 | D:11     | Reached XP level 13. HP: 91/103 MP: 14/20
 14368 | D:11     | Found a gate to the Vaults.
 14593 | D:11     | Noticed a centaur warrior
 14610 | D:11     | Killed a centaur warrior
 14610 | D:11     | Reached skill level 10 in Armour
 14610 | D:11     | Reached skill level 10 in Shields
 14655 | D:11     | You fall through a shaft!
 14655 | D:12     | Entered Level 12 of the Dungeon
 15027 | D:11     | Found Vabofadu's Assorted Antiques.
 15030 | D:11     | Bought a fuming coppery potion for 20 gold pieces
 15030 | D:11     | Bought a runed ivory ring for 115 gold pieces
 15153 | D:11     | Found a runed translucent gate.
 15153 | D:11     | Found a runed translucent gate.
 15153 | D:11     | Found a runed translucent gate.
 15173 | D:11     | Reached XP level 14. HP: 111/111 MP: 20/22
 15229 | D:11     | Noticed SkaryMonk's ghost (journeyman DWAc)
 15433 | D:11     | Found Heqaulyp's Distillery.
 15443 | D:11     | Bought a potion of might for 48 gold pieces
 15443 | D:11     | Bought 2 potions of agility for 96 gold pieces
 15443 | D:11     | Bought a potion of curing for 36 gold pieces
 15764 | Lair:1   | Entered Level 1 of the Lair of Beasts
 15764 | Lair:1   | Received a gift from Nemelex Xobeh
 16213 | Lair:1   | Reached skill level 1 in Polearms
 16618 | Lair:1   | Received a gift from Nemelex Xobeh
 16881 | Lair:2   | Reached ***** piety under Nemelex Xobeh
 16957 | Lair:2   | Received a gift from Nemelex Xobeh
 17847 | Lair:3   | Found a hole to the Spider Nest.
 17940 | Lair:3   | Received a gift from Nemelex Xobeh
 18040 | Lair:3   | Found a staircase to the Swamp.
 18324 | Lair:3   | Reached XP level 15. HP: 110/119 MP: 15/23
 18625 | Lair:4   | Noticed Nergalle
 18626 | Lair:4   | Killed Nergalle
 18631 | Lair:4   | Found a gate leading to a gauntlet.
 18655 | Gauntlet | Entered a Gauntlet
 18655 | Gauntlet | Found a transporter.
 18655 | Gauntlet | Found a transporter.
 18661 | Gauntlet | Found a transporter.
 18676 | Gauntlet | Found a transporter.
 18689 | Gauntlet | Noticed a reaper
 18690 | Gauntlet | Found a transporter.
 18706 | Gauntlet | Found a transporter.
 18721 | Gauntlet | Found a transporter.
 18789 | Gauntlet | Found a transporter.
 18804 | Gauntlet | Found a transporter.
 18812 | Gauntlet | Received a gift from Nemelex Xobeh
 18820 | Gauntlet | Found a transporter.
 18834 | Gauntlet | Found a transporter.
 18849 | Gauntlet | Found a transporter.
 18918 | Gauntlet | Found a transporter.
 18928 | Gauntlet | Found a transporter.
 18945 | Gauntlet | Found a transporter.
 18955 | Gauntlet | Found a transporter.
 19012 | Gauntlet | Got a vibrating steel ring
 19032 | Gauntlet | Identified the ring of the Final Decision {rC+ Int+5 Dex+2
                  | Stlth+} (You found it in a Gauntlet)
 19532 | Lair:4   | Noticed Rupert
 19540 | Lair:4   | Killed Rupert
 19585 | Lair:4   | Received a gift from Nemelex Xobeh
 19759 | Lair:4   | Noticed Snorg
 19768 | Lair:4   | Killed Snorg
 19768 | Lair:4   | Reached skill level 10 in Invocations
 20075 | Lair:4   | Received a gift from Nemelex Xobeh
 20264 | Lair:4   | You fall through a shaft!
 20448 | Lair:5   | Reached ****** piety under Nemelex Xobeh
 20511 | Lair:5   | Received a gift from Nemelex Xobeh
 20706 | Lair:5   | Found a blossoming altar of Fedhas.
 20739 | Lair:5   | Noticed a ghost moth
 20739 | Lair:5   | a death yak changed into a ghost moth
 20743 | Lair:5   | Killed a ghost moth
 21230 | Lair:5   | Found a sacrificial altar of Ru.
 21835 | Lair:6   | Entered Level 6 of the Lair of Beasts
 21835 | Lair:6   | Found a staircase to the Slime Pits.
 21835 | Lair:6   | Found a viscous altar of Jiyva.
 21901 | Lair:6   | Identified a scroll of acquirement
 21907 | Lair:6   | Got a pair of dazzling gloves
 21918 | Lair:6   | Identified the +0 pair of gloves "Jeizap" {rN+ rCorr Int+3}
                  | (You acquired it on level 6 of the Lair of Beasts)
 22145 | Lair:6   | Reached skill level 5 in Polearms
 22175 | Lair:6   | Found a dark tunnel.
 22182 | Volcano  | Entered a volcano
 22337 | Volcano  | Received a gift from Nemelex Xobeh
 22360 | Volcano  | Reached skill level 1 in Throwing
 22744 | Lair:6   | Reached XP level 16. HP: 60/129 MP: 14/25
 23318 | Lair:6   | Received a gift from Nemelex Xobeh
 24241 | Orc      | Entered the Orcish Mines
 24346 | Orc      | Found a frozen archway.
 24352 | Orc      | Found a staircase to the Elven Halls.
 24377 | Orc      | Received a gift from Nemelex Xobeh
 24383 | IceCv    | Entered an ice cave
 24980 | Orc      | Found a flickering gateway to a bazaar.
 25002 | Bazaar   | Entered a bazaar
 25019 | Bazaar   | Found Lomidil's Antique Armour Shoppe.
 25019 | Bazaar   | Found Meystru's Antique Armour Emporium.
 25040 | Bazaar   | Found Sacyqob's Book Shoppe.
 25040 | Bazaar   | Found Xato Leka's Distillery.
 25062 | Bazaar   | Found Rerchieps's General Store.
 25124 | Bazaar   | Bought the +15 Maxwell's patent armour {-Cast -Tele rElec
                  | MR+ rCorr} for 2040 gold pieces
 25124 | Bazaar   | Found the +15 Maxwell's patent armour {-Cast -Tele rElec
                  | MR+ rCorr}
 25156 | Bazaar   | Bought a potion of curing for 42 gold pieces
 25156 | Bazaar   | Bought a potion of heal wounds for 70 gold pieces
 25156 | Bazaar   | Bought a potion of heal wounds for 70 gold pieces
 25327 | Orc      | Found Hitz's General Store.
 25379 | Orc      | Found Hacs's Magic Scroll Shoppe.
 25409 | Orc      | Bought a scroll of magic mapping for 56 gold pieces
 25510 | Orc      | Identified the -1 hand axe "Qulev" {freeze, +Rage MR+ Str+4
                  | Stlth+}
 25778 | Orc      | Found Ysuruzirch's Antique Armour Boutique.
 25778 | Orc      | Found a one-way gate leading to the halls of Pandemonium.
 25778 | Orc      | Found Rale's Book Shop.
 26165 | Elf:1    | Entered Level 1 of the Elven Halls
 26165 | Elf:1    | Received a gift from Nemelex Xobeh
 26397 | Elf:1    | Reached XP level 17. HP: 137/137 MP: 26/26
 26411 | Elf:1    | Reached skill level 10 in Polearms
 26679 | Elf:1    | Received a gift from Nemelex Xobeh
 27030 | Elf:1    | Received a gift from Nemelex Xobeh
 27497 | Elf:2    | Found a runed gate.
 27497 | Elf:2    | Found a runed gate.
 27499 | Elf:2    | Found a runed gate.
 27582 | Elf:2    | Found Sudaz's Assorted Antiques.
 28130 | Elf:2    | Received a gift from Nemelex Xobeh
 28197 | Elf:2    | Reached skill level 15 in Shields
 28496 | Elf:3    | Entered Level 3 of the Elven Halls
 28599 | Orc      | Bought a dazzling cloak for 266 gold pieces
 28609 | Orc      | Identified the +3 cloak of Zideh {Int+4 Dex+3} (You bought
                  | it in a shop in the Orcish Mines)
 28859 | Swamp:1  | Entered Level 1 of the Swamp
 29099 | Swamp:1  | Noticed a thorn hunter
 29109 | Swamp:1  | Killed a thorn hunter
 29301 | Swamp:1  | Received a gift from Nemelex Xobeh
 29702 | Swamp:1  | Received a gift from Nemelex Xobeh
 29812 | Swamp:2  | Reached XP level 18. HP: 147/147 MP: 27/27
 30623 | Swamp:3  | Entered Level 3 of the Swamp
 30623 | Swamp:3  | Received a gift from Nemelex Xobeh
 30751 | Swamp:3  | Reached skill level 15 in Fighting
 30850 | Swamp:3  | Got a warped long sword
 30951 | Swamp:3  | Received a gift from Nemelex Xobeh
 31308 | Swamp:3  | Identified the +3 long sword "Lehyn" {freeze, +Blink rPois}
                  | (You found it on level 3 of the Swamp)
 31363 | Swamp:3  | Got a decaying rune of Zot
 31530 | Spider:1 | Entered Level 1 of the Spider Nest
 31674 | Spider:1 | Reached skill level 5 in Dodging
 31825 | Spider:1 | Received a gift from Nemelex Xobeh
 32613 | Spider:2 | Reached skill level 5 in Throwing
 32658 | Spider:2 | Received a gift from Nemelex Xobeh
 32882 | Spider:2 | Noticed Arachne
 32889 | Spider:2 | Killed Arachne
 33421 | Spider:2 | Received a gift from Nemelex Xobeh
 33436 | Spider:2 | Noticed Kirke
 33449 | Spider:2 | Killed Kirke
 33858 | Spider:3 | Entered Level 3 of the Spider Nest
 33888 | Spider:3 | Reached XP level 19. HP: 155/155 MP: 28/28
 35079 | Spider:3 | Got a gossamer rune of Zot
 35344 | Vaults:1 | Entered Level 1 of the Vaults
 35426 | D:11     | Killed SkaryMonk's ghost
 35474 | D:11     | Identified the ring of Qisab {Fire +Blink rElec SInv}
 35650 | D:12     | Received a gift from Nemelex Xobeh
 35848 | D:12     | Received a gift from Nemelex Xobeh
 36143 | D:12     | Found a staircase to the Depths.
 36167 | D:12     | Identified the +3 demon trident "Ant's Curse" {drain, rPois
                  | rC- Int+5}
 36368 | Vaults:1 | Found Xahek's Gadget Boutique.
 36376 | Vaults:1 | Bought a wand of scattershot (3) for 336 gold pieces
 36376 | Vaults:1 | Bought a phantom mirror for 480 gold pieces
 36779 | Vaults:1 | Received a gift from Nemelex Xobeh
 36806 | Vaults:1 | Reached XP level 20. HP: 151/162 MP: 30/30
 37882 | Vaults:1 | Received a gift from Nemelex Xobeh
 38417 | Vaults:2 | Found a staircase to the Crypt.
 38502 | Vaults:2 | Noticed Aizul
 38503 | Vaults:2 | Killed Aizul
 38556 | Vaults:2 | Received a gift from Nemelex Xobeh
 38840 | Vaults:2 | Received a gift from Nemelex Xobeh
 39179 | Vaults:2 | You fall through a shaft!
 39179 | Vaults:3 | Entered Level 3 of the Vaults
 39272 | Vaults:3 | Reached skill level 10 in Throwing
 39320 | Vaults:3 | Identified the +3 executioner's axe "Newtbane" {freeze,
                  | -Tele rN+ Dex+5}
 39355 | Vaults:3 | Got a silver rune of Zot
 39409 | Vaults:3 | Identified the +1 long sword of Conscience {flame, rPois}
 39436 | Vaults:3 | Reached skill level 15 in Invocations
 39447 | Vaults:3 | Reached skill level 10 in Dodging
 39483 | Vaults:3 | Noticed a golden dragon
 39490 | Vaults:3 | Reached XP level 21. HP: 168/168 MP: 32/32
 39530 | Vaults:3 | Killed a golden dragon
 39569 | Vaults:3 | Slain by a vault guard

Skill      XL: |  1  2  3  4  5  6  7  8  9 10 11 12 13 14 15 16 17 18 19 20 |
---------------+-------------------------------------------------------------+-----
Fighting       | 2 3 5 7 8 10 11 12 13 14 15 | 15.0
Evocations     | 3 5 7 9 10 11 13 | 13.0
Staves         | 2 3 5 7 9 10 11 12 | 12.0
Invocations    | 1 4 5 6 9 10 12 13 15 | 15.0
Armour         | 3 6 9 10 11 12 14 | 14.9
Shields        | 5 9 10 11 13 14 15 | 15.0
Polearms       | 2 5 9 12 | 12.2
Throwing       | 1 2 6 8 10 | 10.0
Dodging        | 3 6 8 10 | 10.0
Stealth        | |  4.0

Action                   |  1- 3 |  4- 6 |  7- 9 | 10-12 | 13-15 | 16-18 | 19-21 || total
-------------------------+-------+-------+-------+-------+-------+-------+-------++-------
Melee: Unarmed           |    37 |       |       |     5 |       |       |       ||    42
       Club              |    92 |       |       |       |       |       |       ||    92
       Spear             |    97 |   225 |       |       |       |       |       ||   322
       Trident           |       |    48 |       |       |   290 |       |       ||   338
       Staff             |       |    28 |   155 |   361 |   459 |       |     2 ||  1005
       Demon trident     |       |       |       |       |    94 |  1641 |   940 ||  2675
Throw: Stone             |    37 |    83 |    60 |    55 |    23 |       |       ||   258
       Tomahawk          |       |       |       |    72 |   123 |   485 |   281 ||   961
       Javelin           |       |       |       |       |       |     5 |       ||     5
Invok: Triple Draw       |       |       |       |       |     1 |       |       ||     1
       Deal Four         |       |       |       |       |       |       |     8 ||     8
 Abil: Dig               |     1 |     1 |     2 |    10 |    13 |     9 |     6 ||    42
       Draw Destruction  |       |       |     3 |     1 |    22 |    37 |    13 ||    76
       Draw Summoning    |       |       |     2 |       |     7 |    18 |    28 ||    55
       Draw Escape       |       |       |       |     2 |     3 |     5 |     4 ||    14
       Shaft Self        |       |       |       |       |     2 |       |     1 ||     3
       Stop Flying       |       |       |       |       |     2 |     2 |       ||     4
       Evoke Flight      |       |       |       |       |     1 |     2 |       ||     3
Evoke: Staff of Olgreb   |       |     4 |    26 |    82 |    73 |     3 |     1 ||   189
       Wand              |       |       |       |     6 |     6 |     1 |       ||    13
       Lamp of fire      |       |       |       |       |       |       |     1 ||     1
       Lightning rod     |       |       |       |       |       |       |     1 ||     1
  Use: Potion            |       |     5 |     1 |       |     2 |     1 |     4 ||    13
       Scroll            |       |       |    15 |     8 |     7 |    14 |     3 ||    47
 Stab: Sleeping          |     2 |       |       |       |       |       |       ||     2
       Petrifying        |       |       |       |       |     1 |       |       ||     1
       Distracted        |       |       |       |       |       |     4 |    13 ||    17
       Petrified         |       |       |       |       |       |     1 |       ||     1
       Paralysed         |       |       |       |       |       |       |     4 ||     4
  Eat: Chunk             |     4 |    10 |     4 |    25 |    26 |    30 |    14 ||   113
       Ration            |       |       |     2 |       |     2 |     3 |     2 ||     9
Armor: Robe              |    15 |       |       |       |       |       |       ||    15
       Ring mail         |    73 |       |       |       |       |       |       ||    73
       Plate armour      |    11 |   215 |   107 |    87 |   201 |   204 |    85 ||   910
Dodge: Dodged            |   142 |    79 |    29 |    32 |    89 |   111 |    53 ||   535
Block: Large shield      |       |       |       |   289 |   880 |  1126 |   525 ||  2820
       Reflection        |       |       |       |       |       |       |    69 ||    69
